 Dungeon Crawl Stone Soup version 0.20.1-1-g8b1a95d66d (webtiles) character file.

182 Popi the Covered (level 5, -21/42 HPs)
             Began as a Human Fighter on Dec 19, 2017.
             Killed from afar by Ijyb (28 damage)
             ... with a wand of lightning (?/15)
             ... on level 3 of the Dungeon.
             The game lasted 00:05:21 (2046 turns).

Popi the Covered (Human Fighter)                    Turns: 2046, Time: 00:05:22

Health: -21/42     AC: 11    Str: 22    XL:     5   Next: 93%
Magic:  5/5        EV:  9    Int:  8    God:
Gold:   169        SH:  0    Dex: 13    Spells: 4/4 levels left

rFire    . . .     SeeInvis .   a - +0 long sword
rCold    . . .     Gourm    .   (no shield)
rNeg     . . .     Faith    .   b - +0 scale mail
rPois    .         Spirit   .   (no helmet)
rElec    .         Reflect  .   j - +2 cloak {MR+}
rCorr    .         Harm     .   c - +0 pair of gloves
MR       +....                  (no boots)
Stlth    ..........             (no amulet)
Regen    0.2/turn               (no ring)
MPRegen  0.1/turn               (no ring)

@: mighty, drained
A: no striking features
a: no special abilities


You were on level 3 of the Dungeon.
You were not hungry.

You visited 1 branch of the dungeon, and saw 4 of its levels.

You collected 169 gold pieces.

Inventory:

Hand Weapons
 a - a +0 long sword (weapon)
Armour
 b - a +0 scale mail (worn)
 c - a +0 pair of gloves (worn)
 j - a +2 cloak of magic resistance (worn)
Jewellery
 m - a +3 ring of intelligence {unknown}
 q - a +3 ring of dexterity {unknown}
Scrolls
 e - 6 scrolls of identify {unknown}
 g - 2 scrolls of teleportation {unknown}
 i - a scroll of remove curse {unknown}
 k - a scroll of recharging {unknown}
 o - 2 scrolls of amnesia {unknown}
 p - a scroll of blinking {unknown}
Potions
 l - a potion of haste {unknown}
Books
 n - a book of Cantrips

   Spells                             Type                      Level
   a - Confusing Touch                Hexes                        1
   b - Animate Skeleton               Necromancy                   1
   c - Summon Small Mammal            Summoning                    1
   d - Apportation                    Translocation                1
Comestibles
 f - 2 bread rations
 h - 2 meat rations
 r - a chunk of flesh


   Skills:
 + Level 3.7(3.5) Fighting
 + Level 4.2(4.0) Long Blades
 + Level 4.2(4.0) Armour
   Level 3.0(2.8) Shields


You had 4 spell levels left.
You didn't know any spells.

Dungeon Overview and Level Annotations

Branches:
Dungeon (4/15)
 Temple: D:4-7

Altars:

Annotations:
D:3 Ijyb


Message History

You see here a stone.
There is a stone staircase leading down here.
There is a stone staircase leading down here.
You climb downwards.
An iguana, 5 orcs, an orc priest and an orc wizard come into view.
The orc shouts! x4; The orc priest shouts!
You hear a bark!
Found four items.
Found a stone staircase leading up.
There is a stone staircase leading up here.
The orc hits you but does no damage.
You climb upwards.
Level annotation: Ijyb Ijyb zaps a wand.
The bolt of lightning misses you.
The bolt of lightning hits the orc.
The orc dies!
Ijyb hits you but does no damage.
There is a stone staircase leading down here.
You feel very mighty all of a sudden.
You closely miss Ijyb.
Ijyb zaps a wand.
The bolt of lightning hits you!
Ouch! That really hurt!
You die...

##### ########...####
#......#......####
#......#...##....#
######......##.###....# ##
#..........|...# #....##### #.
#.####......######....(...#####.
#.##..........g@)...(..........o
#.##)#......###(##.##.....#####(
#.#.........###[##.##.....# #.
#.#...##........##.##.....# ##
#.#...##........##.##.....#
#.#...##........##.#############
#.#...##...........g............
#.#<..##########.#.#.#.#.#.#.#.#
#.##..# #....)#.#.#.#.#.#.#.


You could see Ijyb.

Vanquished Creatures
  Crazy Yiuf (D:2)
  Jessica (D:2)
  Natasha (D:2)
  Robin (D:3)
  2 adders (D:2)
  An ooze (D:2)
  2 dart slugs
  3 leopard geckos
  4 orcs (D:3)
  2 bats
  A giant cockroach (D:1)
  8 goblins
  11 hobgoblins
  3 jackals (D:1)
  3 frilled lizards
  6 kobolds
  8 rats (D:1)
58 creatures vanquished.

Vanquished Creatures (others)
  An orc (D:3)
1 creature vanquished.

Grand Total: 59 creatures vanquished

Notes
Turn   | Place    | Note
-------+----------+-------------------------------------------
     0 | D:1      | Popi the Human Fighter began the quest for the Orb.
     0 | D:1      | Reached XP level 1. HP: 18/18 MP: 1/1
    91 | D:1      | Reached XP level 2. HP: 24/24 MP: 2/2
   371 | D:1      | You fall through a shaft!
   375 | D:2      | Reached XP level 3. HP: 29/29 MP: 3/3
   444 | D:2      | Found a runed door.
   474 | D:2      | Noticed Jessica
   481 | D:2      | Killed Jessica
   481 | D:2      | Reached XP level 4. HP: 32/35 MP: 4/4
  1000 | D:2      | Noticed Natasha
  1025 | D:2      | Killed Natasha
  1025 | D:2      | Reached XP level 5. HP: 39/41 MP: 5/5
  1214 | D:2      | Noticed Crazy Yiuf
  1223 | D:2      | Killed Crazy Yiuf
  1593 | D:3      | Noticed Robin
  1612 | D:3      | Killed Robin
  1999 | D:3      | Noticed Ijyb
  2005 | D:3      | HP: 1/42 [Ijyb/wand of lightning (?/15) (19)]
  2046 | D:3      | Killed from afar by Ijyb

Skill      XL: |  1  2  3  4  5 |
---------------+----------------+-----
Long Blades    | 3 4 |  4.2
Armour         | 4 |  4.2
Fighting       | |  3.7
Shields        | |  3.0

Action                   |  1- 3 |  4- 6 || total
-------------------------+-------+-------++-------
Melee: Long sword        |    60 |   124 ||   184
  Use: Potion            |       |     5 ||     5
  Eat: Chunk             |       |     4 ||     4
Armor: Scale mail        |    40 |    72 ||   112
Dodge: Dodged            |    31 |    64 ||    95
       Rpst.: Long sword |    17 |    20 ||    37
